 Dungeon Crawl Stone Soup version 0.30-a0-702-gdf48620a09 (webtiles) character file.

Game seed: 10417963187330023028

74 Leeroy the Slasher (level 4, -15/26 HPs)
             Began as a Tengu Warper on Jan 21, 2023.
             Demolished by Crazy Yiuf
             ... wielding a +2 quarterstaff of chaos
              (20 damage)
             ... on level 2 of the Dungeon.
             The game lasted 00:03:49 (1682 turns).

Leeroy the Slasher (Tengu Warper)                   Turns: 1682, Time: 00:03:50

Health: -15/26     AC:  6    Str: 11    XL:     4   Next: 30%
Magic:  8/8        EV: 12    Int: 14    God:
Gold:   111        SH:  0    Dex: 15    Spells: 5/7 levels left

rFire   . . .      SeeInvis .    a - +0 falchion
rCold   . . .      Faith    .    (no shield)
rNeg    . . .      Spirit   .    b - +0 leather armour
rPois   .          Reflect  .    (helmet restricted)
rElec   .          Harm     .    k - +2 cloak
rCorr   .          Rampage  .    (no gloves)
Will    .....                    (boots unavailable)
Stlth   +                        (no amulet)
HPRegen 0.24/turn                (no ring)
MPRegen 0.11/turn                (no ring)

@: no status effects
A: beak, talons 3
a: no special abilities


You were on level 2 of the Dungeon.
You visited 1 branch of the dungeon, and saw 2 of its levels.

You collected 111 gold pieces.

Inventory:

Hand Weapons
 a - a +0 falchion (weapon)
Missiles
 d - 7 boomerangs of dispersal (quivered)
 p - 4 javelins
Armour
 b - a +0 leather armour (worn)
 k - a +2 cloak (worn)
Scrolls
 c - a scroll of blinking
 g - a scroll of poison {unknown}
 j - 2 scrolls of noise {unknown}
 l - a scroll of fog {unknown}
 m - 2 scrolls of vulnerability {unknown}
 n - a scroll of enchant armour {unknown}
 o - a scroll of teleportation {unknown}
 q - a scroll of fear {unknown}
 r - a scroll of identify {unknown}
Potions
 e - 2 potions of degeneration {unknown}
 f - 3 potions of curing {unknown}
 h - 2 potions of brilliance {unknown}
 i - 2 potions of flight {unknown}
 s - a potion of haste {unknown}


   Skills:
 - Level 2.0 Fighting
 + Level 4.9 Long Blades
 - Level 1.0 Throwing
 - Level 1.1 Armour
 - Level 2.1 Dodging
 - Level 2.0 Spellcasting
 - Level 2.4 Translocations


You had 5 spell levels left.
You knew the following spells:

 Your Spells              Type           Power      Damage    Failure   Level
a - Blink                 Tloc           16%        N/A       19%         2

Your spell library contained the following spells:

 Spells                   Type           Power      Damage    Failure   Level
 Lesser Beckoning         Tloc           16%        N/A       19%         2
 Teleport Other           Tloc           8%         N/A       34%         3
 Vhi's Electric Charge    Tloc/Air       8%         N/A       50%         3
 Manifold Assault         Tloc           8%         N/A       75%         4


Dungeon Overview and Level Annotations

Branches:
Dungeon (2/15)

Altars:
Wu Jian

Annotations:
D:2 Crazy Yiuf


Innate Abilities, Weirdness & Mutations

You have a beak for a mouth.
You have claws for feet.


Message History

A hobgoblin comes into view.
The hobgoblin shouts!
A quokka comes into view.
You barely miss the hobgoblin.
You peck the hobgoblin, but do no damage.
The hobgoblin hits you.
You hit the hobgoblin. Your kick misses the hobgoblin.
The hobgoblin is severely wounded.
The hobgoblin closely misses you.
You hit the hobgoblin.
You kill the hobgoblin!
The quokka misses you.
You see here a hobgoblin corpse.
You slash the quokka!
You kill the quokka!
No target in view!
No target in view!
No target in view!
No target in view!
You see here a hobgoblin corpse.
Crazy Yiuf shouts!
Could not explore, unopened runed door.
Could not explore, unopened runed door.
No reachable target in view!
You open the door. You hit Crazy Yiuf but do no damage. You claw Crazy Yiuf.
Crazy Yiuf is moderately wounded.
Crazy Yiuf says, "Seed!"
Crazy Yiuf hits you with a +2 quarterstaff of chaos!
Crazy Yiuf burns you.
You slash Crazy Yiuf! Your kick misses Crazy Yiuf.
Crazy Yiuf is severely wounded.
Crazy Yiuf barely misses you. Crazy Yiuf completely misses you.
You barely miss Crazy Yiuf. You peck Crazy Yiuf, but do no damage.
Crazy Yiuf is severely wounded.
Crazy Yiuf hits you with a +2 quarterstaff of chaos!
* * * LOW HITPOINT WARNING * * *
You are electrocuted!!
Ouch! That really hurt!
You die...

#.# #.#
#.########.#
#..........#
##########.#
##### #.# #)..#
#.# #...# #.# ...
#.# #g# #####.#
♣@♣♣ ##.....#
♣♣.♣ # ##......#
♣.♣♣ # #..P....#
♣♣.♣ # #♣..♣.♣.#
♣♣.♣♣ # #.P_..♣.#
♣♣...♣ #
#..†P...# ♣....♣
# #..♣....#
##..## #
#.##########....#


You could see Crazy Yiuf.

Vanquished Creatures
  3 adders (D:2)
  2 worms (D:2)
  3 bats
  3 endoplasms
  A giant cockroach (D:1)
  5 goblins
  3 hobgoblins
  2 jackals (D:2)
  2 kobolds (D:1)
  3 quokkas
  6 ball pythons
  2 frilled lizards
  6 rats
41 creatures vanquished.

Vanquished Creatures (others)
  4 withered plants (D:2)
4 creatures vanquished.

Grand Total: 45 creatures vanquished

Notes
Turn   | Place    | Note
-------+----------+-------------------------------------------
     0 | D:1      | Leeroy the Tengu Warper began the quest for the Orb.
     0 | D:1      | Reached XP level 1. HP: 12/12 MP: 4/4
   188 | D:1      | Reached XP level 2. HP: 15/17 MP: 6/6
   253 | D:1      | Reached skill level 3 in Long Blades
   580 | D:1      | Learned a level 2 spell: Blink
   759 | D:1      | Reached XP level 3. HP: 21/21 MP: 7/7
   952 | D:2      | Reached skill level 4 in Long Blades
   987 | D:2      | Found an ornate altar of the Wu Jian Council.
  1235 | D:2      | Reached XP level 4. HP: 26/26 MP: 8/8
  1320 | D:2      | Found a faded altar of an unknown god.
  1403 | D:2      | Found a runed translucent door.
  1404 | D:2      | Noticed Crazy Yiuf
  1682 | D:2      | Demolished by Crazy Yiuf

Illustrated notes

Levels and vault maps discovered:
D:1:      scummos_arrival_star, layout_basic, minmay_pentomino_q2
D:2:      layout_loops_ring, basic_altar, ebering_ecumenical_altar_petrified,
          uniq_crazy_yiuf_cottage

Skill      XL: |  1  2  3 |
---------------+----------+-----
Long Blades    | 3 4 |  4.9
Fighting       | |  2.0
Throwing       | |  1.0
Armour         | |  1.1
Dodging        | |  2.1
Spellcasting   | |  2.0
Translocations | |  2.4

Action                   |  1- 3 |  4- 6 || total
-------------------------+-------+-------++-------
Melee: Falchion          |    74 |    11 ||    85
       Kick              |    21 |     4 ||    25
       Peck              |     8 |     2 ||    10
       Punch             |     1 |       ||     1
 Stab: Sleeping          |     1 |       ||     1
Armor: Leather armour    |    20 |     1 ||    21
Dodge: Dodged            |    49 |     7 ||    56

Table legend: (Time is in decaauts)
 A = Elapsed time spent in this place.
 B = Non-inter-level travel time spent in this place.
 C = Inter-level travel time spent in this place.
 D = Time resting spent in this place.
 E = Time spent auto-exploring this place.
 F = Levels seen in this place.
 G = Mean time per level.
                   A        B        C        D        E       F      G
               +--------+--------+--------+--------+--------+-----+--------+
         Total |   1691 |   1653 |     38 |      0 |   1377 |   2 |  845.5 |
       Dungeon |   1691 |   1653 |     38 |      0 |   1377 |   2 |  845.5 |
               +--------+--------+--------+--------+--------+-----+--------+

Top non-repeatable levels by time:
     D:1: 925 daAuts
     D:2: 766 daAuts
